 Dungeon Crawl Stone Soup version 0.21.1-1-g345015f (webtiles) character file.

95 monkeygenral the Skirmisher (level 4, 0/37 HPs)
             Began as a Demonspawn Abyssal Knight on June 10, 2018.
             Was a Believer of Lugonu.
             Slain by a gnoll
             ... wielding a +0 spear of venom
              (3 damage)
             ... on level 2 of the Dungeon.
             The game lasted 00:21:12 (1830 turns).

monkeygenral the Skirmisher (DsAK)                  Turns: 1830, Time: 00:21:12

Health: 0/37       AC:  5    Str: 13    XL:     4   Next: 39%
Magic:  0/6        EV: 10    Int: 14    God:    Lugonu [**....]
Gold:   42         SH:  0    Dex: 12    Spells: 3/3 levels left

rFire    . . .     SeeInvis .   a - +1 falchion
rCold    . . .     Gourm    .   (no shield)
rNeg     . . .     Faith    +   p - +0 ring mail
rPois    .         Spirit   +   (no helmet)
rElec    .         Reflect  .   (no cloak)
rCorr    .         Harm     .   (no gloves)
MR       .....                  (no boots)
Stlth    +.........             o - amulet of faith
HPRegen  0.12/turn              (no ring)
MPRegen  0.10/turn              (no ring)

@: lethally poisoned (0 -> -3), berserk cooldown, slowed, very slow
A: powered by death 1, magic shield
a: Depart the Abyss, Bend Space, Renounce Religion


You were on level 2 of the Dungeon.
You worshipped Lugonu.
Lugonu was pleased with you.
You were not hungry.

You visited 1 branch of the dungeon, and saw 2 of its levels.
You visited the Abyss 1 time.

You collected 42 gold pieces.

Inventory:

Hand Weapons
 a - a +1 falchion (weapon)
 g - a +0 whip
 q - a cursed -3 short sword
Missiles
 k - a tomahawk of returning (quivered)
Armour
 b - a +0 leather armour
 p - a +0 ring mail (worn)
Jewellery
 o - an amulet of faith (around neck)
Scrolls
 d - 3 scrolls of fear
 f - a scroll of blinking
 h - 3 scrolls of remove curse
 m - a scroll of noise
 r - a scroll of identify
Potions
 e - a potion of degeneration {unknown}
Comestibles
 c - 2 rations
 l - a chunk of flesh


   Skills:
 + Level 3.8 Fighting
 + Level 2.4 Long Blades
 + Level 2.5 Armour
 + Level 1.5 Dodging
 + Level 0.2 Stealth
 + Level 3.1 Invocations


You had 3 spell levels left.
You didn't know any spells.

Dungeon Overview and Level Annotations

Branches:
Dungeon (2/15)

Altars:
Fedhas
Nemelex Xobeh
Trog


Innate Abilities, Weirdness & Mutations

You regenerate a little health from kills.
When hurt, damage is shared between your health and your magic reserves.


Message History

The gnoll hits you with a spear of venom.
* * * LOW HITPOINT WARNING * * *
You are lethally poisoned!
Space bends around you!
You blink.
* * * LOW HITPOINT WARNING * * *
You feel sick.
It was a potion of berserk rage.
A red film seems to cover your vision as you go berserk!
You feel yourself moving faster!
You feel mighty!
You feel sick.
You feel a strong urge to attack something.
You feel your anger nearly subside.
You are no longer berserk.
You pass out from exhaustion.
You feel yourself slow down.
* * * LOW HITPOINT WARNING * * *
You feel sick.
You can move again.
* * * LOW HITPOINT WARNING * * *
You feel sick.
The gnoll hits you from afar with a spear of venom.
You die...

#....#.#.......# #.....
#....#.#.......# ######
##'###.#.......#
######..##.#.......##
#..........#........# ######
#.........g#####....# #.....
#.........g# ###....# #.....
#..._.)....###......# #.....
#..........@...#....# #.....
#..........#..###...# #.....
##8..8##.....#####..###.....
#....._#....###.#'#..#######
###..####.(###._.###.# #....
#.).###.#'#..# ##..##
#(.(.#####..## ....
#..#..###...######## ##..#
#..#...#............


You could see 2 gnolls.

Vanquished Creatures
  An adder (D:2)
  A gnoll (D:2)
  An ooze (D:1)
  3 dart slugs
  2 leopard geckos (D:2)
  A ball python (D:2)
  7 bats
  8 giant cockroaches
  8 goblins
  7 hobgoblins
  3 jackals (D:2)
  7 kobolds
  A quokka (D:2)
  4 frilled lizards (D:1)
  3 rats
57 creatures vanquished.

Notes
Turn   | Place    | Note
-------+----------+-------------------------------------------
     0 | Abyss:1  | monkeygenral the Demonspawn Abyssal Knight began the quest for the Orb.
     0 | Abyss:1  | Reached XP level 1. HP: 18/18 MP: 2/2
    78 | Abyss:1  | Noticed a thrashing horror
    78 | D:1      | Escaped the Abyss
   128 | D:1      | Gained mutation: When hurt, damage is shared between your health and your magic reserves. [demonic ancestry]
   128 | D:1      | Reached XP level 2. HP: 21/24 MP: 4/4
   284 | D:1      | Reached * piety under Lugonu
   336 | D:1      | Reached skill level 1 in Dodging
   459 | D:1      | Gained mutation: You regenerate a little health from kills. [demonic ancestry]
   459 | D:1      | Reached XP level 3. HP: 19/29 MP: 5/5
   750 | D:1      | Reached ** piety under Lugonu
  1391 | D:2      | Found a bloodstained altar of Trog.
  1451 | D:2      | Found a blossoming altar of Fedhas.
  1494 | D:2      | Reached XP level 4. HP: 21/36 MP: 2/6
  1716 | D:2      | Found a sparkling altar of Nemelex Xobeh.
  1830 | D:2      | Slain by a gnoll

Skill      XL: |  1  2  3 |
---------------+----------+-----
Invocations    | 3 |  3.1
Armour         | 2 |  2.5
Dodging        | 1 |  1.5
Long Blades    | 2 |  2.4
Fighting       | |  3.8
Stealth        | |  0.2

Action                   |  1- 3 |  4- 6 || total
-------------------------+-------+-------++-------
Melee: Falchion          |   159 |    39 ||   198
Throw: Tomahawk          |       |     7 ||     7
Invok: Depart the Abyss  |     1 |       ||     1
       Bend Space        |     1 |     2 ||     3
  Use: Potion            |     3 |     4 ||     7
       Scroll            |     5 |     1 ||     6
 Stab: Sleeping          |     1 |       ||     1
  Eat: Ration            |     1 |       ||     1
Armor: Leather armour    |    65 |       ||    65
       Ring mail         |       |    15 ||    15
Dodge: Dodged            |   113 |    32 ||   145
       Rpst.: Falchion   |    36 |     9 ||    45
